 Dungeon Crawl Stone Soup version 0.27.1-34-g3ba077fa99 (webtiles) character file.

Game seed: 13984933499218981916

13682 MisterFreud the Ripper (level 11, -4/81 HPs)
             Began as a Felid Berserker on Jan 3, 2022.
             Was a High Priest of Trog.
             Slain by a centaur warrior (22 damage)
             ... on level 11 of the Dungeon.
             The game lasted 00:21:21 (13340 turns).

MisterFreud the Ripper (Felid Berserker)           Turns: 13340, Time: 00:21:21

Health: -4/81      AC:  2    Str: 13    XL:     11   Next: 78%
Magic:  12/12      EV: 28    Int: 16    God:    Trog [*****.]
Gold:   346        SH:  0    Dex: 18    Spells: 10/10 levels left
                                        Lives:  0   Deaths: 3

rFire    . . .     SeeInvis +     - Unarmed
rCold    . . .     Faith    .   (shield unavailable)
rNeg     + . .     Spirit   .   (armour unavailable)
rPois    .         Reflect  .   (helmet unavailable)
rElec    .         Harm     .   (cloak unavailable)
rCorr    .         Rampage  .   (gloves unavailable)
Will     +....                  (boots unavailable)
Stlth    ..........             m - amulet of regeneration
HPRegen  1.23/turn              q - +6 ring of intelligence
MPRegen  0.13/turn              v - ring of positive energy

@: berserking, studying Evocations, very quick
A: very small, claws 1, fangs 3, see invisible, speed 1, shaggy fur 2, stealthy
paws, no weapons or thrown items, no armour, multi-lived
a: Renounce Religion, Berserk, Trog's Hand, Brothers in Arms


You were on level 11 of the Dungeon.
You worshipped Trog.
Trog was extremely pleased with you.
You visited 1 branch of the dungeon, and saw 11 of its levels.

You collected 898 gold pieces.
You spent 552 gold pieces at shops.

Inventory:

Jewellery
 m - an amulet of regeneration (around neck)
 q - a +6 ring of intelligence (left paw)
 v - a ring of positive energy (right paw)
 y - a ring of fire
 H - an amulet of the acrobat
Wands
 a - a wand of flame (11)
 x - a wand of polymorph (10)
 A - a wand of paralysis (10)
 D - a wand of iceblast (6)
 F - a wand of mindburst (12)
Scrolls
 f - 6 scrolls of amnesia
 g - 3 scrolls of fog {unknown}
 h - 3 scrolls of noise {unknown}
 r - a scroll of enchant armour {unknown}
 t - 3 scrolls of fear
 w - a scroll of torment {unknown}
 E - a scroll of blinking {unknown}
 G - a scroll of silence {unknown}
 I - a scroll of immolation {unknown}
Potions
 b - 2 potions of lignification
 d - 5 potions of heal wounds
 e - 3 potions of cancellation
 i - a potion of haste
 j - a potion of flight {unknown}
 k - a potion of resistance {unknown}
 l - 3 potions of attraction
 n - 5 potions of curing
 o - 3 potions of invisibility {unknown}
 p - 2 potions of mutation
 s - 2 potions of brilliance {unknown}
 u - 3 potions of degeneration
 z - 3 potions of might
 C - a potion of ambrosia {unknown}
Miscellaneous
 B - a condenser vane


   Skills:
 + Level 10.1 Fighting
 + Level 14.1 Dodging
 - Level 10.0 Stealth
 - Level 15.0 Unarmed Combat
 + Level 10.3 Evocations


You had 10 spell levels left.
You didn't know any spells.
Your spell library was empty.

Dungeon Overview and Level Annotations

Branches:
Dungeon (11/15)            Temple (0/1) D:5            Lair (0/6) D:11
    Orc (0/2) D:9

Altars:
Fedhas
Sif Muna
Yredelemnul
Zin

Shops:
D:2 *   D:6 *(   D:8 *

Portals:
Trove: D:10 (give 2 scrolls of acquirement)

Annotations:
D:7 2 transporters, Discosetron's ghost, novice DjAE


Innate Abilities, Weirdness & Mutations

You have sharp claws.
You have razor-sharp teeth.
You have supernaturally acute eyesight. (SInv)
You cover ground quickly. (Speed+)
You are covered in thick fur. (AC +2)
Your paws help you pounce on unaware monsters.
You are incapable of wielding weapons or throwing items.
You cannot wear armour.
You gain extra lives every three experience levels.


Message History

Things that are here:
+0 acid dragon scales; an acid dragon skeleton A centaur warrior is nearby!
A centaur warrior is nearby!
The centaur warrior unwields a +0 shortbow.
The centaur warrior wields a +0 battleaxe of flaming.
It bursts into flame!
The centaur warrior completely misses you.
The centaur warrior kicks you.
You scratch the centaur warrior but do no damage.
The centaur warrior hits you with a +0 battleaxe of flaming!
The centaur warrior burns you. The centaur warrior kicks you.
You scratch the centaur warrior. You claw the centaur warrior.
Your bite misses the centaur warrior.
The centaur warrior is lightly wounded.
The centaur warrior closely misses you. The centaur warrior misses you.
You mangle the centaur warrior!!
The centaur warrior is heavily wounded.
The centaur warrior hits you with a +0 battleaxe of flaming!
The centaur warrior burns you. The centaur warrior kicks you.
You are too injured to fight recklessly!
You are too injured to fight recklessly!
You are too injured to fight recklessly!
A red film seems to cover your vision as you go berserk!
You feel yourself moving faster!
You feel mighty! The centaur warrior closely misses you.
The centaur warrior misses you. The centaur warrior closely misses you.
The centaur warrior kicks you.
You claw the centaur warrior!
The centaur warrior is severely wounded.
You scratch the centaur warrior. Your bite misses the centaur warrior.
The centaur warrior is severely wounded.
The centaur warrior hits you with a +0 battleaxe of flaming!!
* * * LOW HITPOINT WARNING * * *
The centaur warrior burns you.
* * * LOW HITPOINT WARNING * * *
The centaur warrior completely misses you.
You claw the centaur warrior!
The centaur warrior is almost dead.
The centaur warrior hits you with a +0 battleaxe of flaming!!
You die...

.....<...#.#.###.###.##.......###
#..........#.# #.# #.#..[###...##
##.......#.#.###.###.#..## ##..#.
##......#.#............# #...)
###........#.###.###.#..## ##..#.
...........#.# #.# #.#...###...#.
###<.......#.###.###.##.......##.
# ##.#.....#.........###.....####
# #.#...#.#####@##### ##########
# #.#...#.#.....c...# ..#.
####.#####.#.#.#.#.#.# ## #.#.
.....# #.#########.# ..#.#.
##########.#.#.#.#.#.# .#.#. #
#....#.........# '.#. ##
#.##.#.#.#.#.#.# #c#. .#
#.##.#.######### #.#.
.######.##.#.#:#.#.#.#.#######)#.


You could see a centaur warrior.

Vanquished Creatures
  Snorg (D:10)
  A boulder beetle (D:11)
  3 hydras
  2 two-headed ogres (D:11)
  A tengu warrior (D:11)
  The ghost of madmanarnold the Spear-Bearer, a novice FoFi of the Shining One (D:8)
  A swamp dragon (D:11)
  A phantasmal warrior (D:8)
  A deep elf pyromancer (D:11)
  3 ugly things
  3 cyclopes
  A manticore (D:11)
  Maurice (D:9)
  An unseen horror (D:10)
  2 guardian mummies (D:10)
  3 trolls (D:11)
  Sigmund (D:4)
  3 vampires
  18 yaks
  A redback (D:11)
  2 wraiths (D:11)
  A vampire mosquito (D:11)
  4 acid dragons
  Duvessa (D:5)
  2 water moccasins
  A black bear (D:6)
  2 ice beasts
  3 orc warriors
  A necrophage (D:6)
  2 ogres (D:6)
  A hornet zombie (D:8)
  16 centaurs
  3 kobold brigands
  4 bullfrogs
  2 gnoll sergeants (D:11)
  3 scorpions
  Dowan (D:5)
  A water moccasin skeleton (D:4)
  15 killer bees
  12 wights
  8 howler monkeys
  8 centaur zombies
  A hound (D:6)
  A jelly (D:6)
  2 bullfrog skeletons (D:5)
  3 orc priests
  2 iguanas
  13 orc wizards
  A killer bee zombie (D:8)
  4 gnolls (D:11)
  A howler monkey skeleton (D:4)
  6 adders
  A shadow imp (D:8)
  2 ufetubi
  A worm (D:2)
  6 dart slugs
  40 orcs
  6 bats
  5 endoplasms
  A giant cockroach (D:1)
  8 hobgoblins
  4 jackals
  14 kobolds
  7 quokkas
  9 ball pythons
  A frilled lizard (D:3)
  4 goblins
  A quokka skeleton (D:4)
  8 rats
294 creatures vanquished.

Vanquished Creatures (others)
  A two-headed ogre (D:11)
  An orc wizard (D:5)
  22 fungi (D:6)
24 creatures vanquished.

Grand Total: 318 creatures vanquished

Notes
Turn   | Place    | Note
-------+----------+-------------------------------------------
     0 | D:1      | MisterFreud the Felid Berserker began the quest for the
                  | Orb.
     0 | D:1      | Reached XP level 1. HP: 10/10 MP: 2/2
   308 | D:1      | Reached skill level 1 in Stealth
   468 | D:1      | Reached XP level 2. HP: 14/14 MP: 3/3
   481 | D:1      | Found a faded altar of an unknown god.
   897 | D:1      | Reached ** piety under Trog
   904 | D:1      | Reached XP level 3. HP: 11/17 MP: 4/4
  1112 | D:2      | Found a basalt altar of Yredelemnul.
  1883 | D:2      | Found Seloedol's Assorted Antiques.
  1889 | D:2      | Bought a coppery potion for 16 gold pieces
  1889 | D:2      | Bought a silvery potion for 16 gold pieces
  2229 | D:3      | Reached skill level 4 in Unarmed Combat
  2229 | D:3      | Reached XP level 4. HP: 21/21 MP: 5/5
  3156 | D:3      | Reached *** piety under Trog
  3417 | D:4      | Reached XP level 5. HP: 14/24 MP: 6/6
  3551 | D:4      | Noticed Sigmund
  3561 | D:4      | Killed Sigmund
  3562 | D:4      | Reached skill level 5 in Unarmed Combat
  3562 | D:4      | Gained mutation: You are covered in thick fur. (AC +2)
                  | [Felid growth]
  3562 | D:4      | Reached XP level 6. HP: 27/28 MP: 7/7
  3662 | D:4      | You fall into a shaft and drop 1 floor!
  3662 | D:5      | Entered Level 5 of the Dungeon
  3667 | D:5      | Noticed Duvessa
  3671 | D:5      | Noticed Dowan
  3674 | D:5      | HP: 1/28 [Duvessa (20)]
  4325 | D:4      | Reached skill level 6 in Unarmed Combat
  4380 | D:4      | Noticed a water moccasin
  4387 | D:4      | Killed a water moccasin
  4388 | D:4      | Reached skill level 5 in Dodging
  4661 | D:5      | Reached XP level 7. HP: 31/31 MP: 8/8
  5188 | D:5      | Killed Duvessa
  5285 | D:5      | Killed Dowan
  5551 | D:5      | Found a staircase to the Ecumenical Temple.
  5603 | D:5      | HP: 1/31 [poisoned by a water moccasin]
  5604 | D:5      | Reached XP level 8. HP: 1/34 MP: 9/9
  5604 | D:5      | Succumbed to a water moccasin's poison
  5605 | D:5      | Reached XP level 7. HP: -1/31 MP: 8/8
  6277 | D:6      | Found Oqeats's Gadget Gallery.
  6305 | D:6      | Reached skill level 10 in Dodging
  6525 | D:6      | Reached **** piety under Trog
  6545 | D:6      | Found Cicu's Weapon Boutique.
  6551 | D:6      | Reached skill level 5 in Fighting
  6551 | D:6      | Reached XP level 8. HP: 37/37 MP: 9/9
  7228 | D:7      | Found a shimmering blue altar of Sif Muna.
  7449 | D:7      | Found a transporter.
  7467 | D:7      | Noticed Discosetron's ghost (novice DjAE)
  7474 | D:7      | Noticed a troll
  7511 | D:7      | Found a transporter.
  7665 | D:8      | Reached skill level 7 in Unarmed Combat
  7805 | D:8      | Reached XP level 9. HP: 41/41 MP: 10/10
  8075 | D:8      | Found a runed translucent door.
  8081 | D:8      | Noticed madmanarnold's ghost (novice FoFi)
  8118 | D:8      | Found Lownu's General Store.
  8297 | D:8      | Found a blossoming altar of Fedhas.
  8310 | D:8      | Reached skill level 8 in Unarmed Combat
  8555 | D:8      | Identified 2 scrolls of acquirement
  8555 | D:8      | Acquired a manual of Evocations
  8565 | D:8      | Acquired a manual of Unarmed Combat
  8593 | D:9      | Noticed a freezing wraith
  8596 | D:9      | Noticed a phantasmal warrior
  8639 | D:9      | Noticed a six-headed hydra
  8661 | D:10     | Entered Level 10 of the Dungeon
  8713 | D:10     | Reached skill level 10 in Stealth
  8734 | D:9      | Reached skill level 9 in Unarmed Combat
  8849 | D:10     | Reached skill level 5 in Evocations
  9017 | D:10     | Reached ***** piety under Trog
  9053 | D:10     | Noticed Snorg
  9058 | D:10     | Killed Snorg
  9059 | D:10     | Reached skill level 10 in Unarmed Combat
  9059 | D:10     | Reached XP level 10. HP: 45/45 MP: 11/11
  9131 | D:10     | Found a portal to a secret trove of treasure.
  9392 | D:9      | Reached skill level 11 in Unarmed Combat
  9884 | D:11     | Noticed a two-headed ogre
  9893 | D:11     | Killed a two-headed ogre
 10214 | D:6      | Bought a condenser vane for 520 gold pieces
 10301 | D:9      | Noticed a red ugly thing
 10311 | D:9      | Killed a red ugly thing
 10431 | D:9      | Reached skill level 12 in Unarmed Combat
 10435 | D:9      | Noticed a death knight
 10449 | D:8      | Mangled by a phantasmal warrior
 10450 | D:8      | Reached XP level 9. HP: -13/61 MP: 10/10
 10514 | D:8      | Killed madmanarnold's ghost
 10515 | D:8      | Reached skill level 10 in Evocations
 10515 | D:8      | Reached XP level 10. HP: 36/45 MP: 11/11
 10578 | D:8      | Killed a phantasmal warrior
 10659 | D:9      | Noticed an eight-headed hydra
 10671 | D:9      | HP: 1/67 [eight-headed hydra (10)]
 10672 | D:9      | Killed an eight-headed hydra
 10735 | D:9      | Found a glowing silver altar of Zin.
 10939 | D:9      | Noticed a cyclops
 10952 | D:9      | Killed a cyclops
 11026 | D:9      | HP: 1/45 [freezing wraith[a death knight] (11)]
 11083 | D:9      | Killed a six-headed hydra
 11133 | D:9      | Noticed Maurice
 11143 | D:9      | Killed Maurice
 11388 | D:9      | Found a staircase to the Orcish Mines.
 11555 | D:9      | Reached XP level 11. HP: 43/49 MP: 12/12
 11865 | D:9      | Found a basalt altar of Yredelemnul.
 11866 | D:9      | Found a glowing silver altar of Zin.
 12167 | D:11     | Reached skill level 13 in Unarmed Combat
 12274 | D:11     | Noticed a swamp dragon
 12274 | D:11     | Noticed a two-headed ogre
 12293 | D:11     | Killed a two-headed ogre
 12324 | D:11     | Killed a swamp dragon
 12329 | D:11     | Succumbed to poison (poison gas)
 12330 | D:11     | Reached XP level 10. HP: -2/47 MP: 11/11
 12512 | D:11     | Found a staircase to the Lair.
 12682 | D:11     | Noticed a manticore
 12686 | D:11     | Noticed a two-headed ogre
 12691 | D:11     | Killed a manticore
 12717 | D:11     | Killed a two-headed ogre
 12785 | D:11     | Reached skill level 14 in Unarmed Combat
 12850 | D:11     | Reached XP level 11. HP: 52/52 MP: 12/12
 12931 | D:11     | Noticed a seven-headed hydra
 12933 | D:11     | Killed a seven-headed hydra
 12942 | D:11     | Noticed a cyan ugly thing
 12953 | D:11     | Killed a cyan ugly thing
 13041 | D:11     | Noticed a boulder beetle
 13064 | D:11     | Noticed a deep elf pyromancer
 13105 | D:11     | Killed a deep elf pyromancer
 13109 | D:11     | Killed a boulder beetle
 13161 | D:11     | Noticed a tengu warrior
 13164 | D:11     | Noticed a white ugly thing
 13178 | D:11     | Noticed a four-headed hydra
 13179 | D:11     | Killed a white ugly thing
 13180 | D:11     | Reached skill level 10 in Fighting
 13180 | D:11     | Reached skill level 15 in Unarmed Combat
 13180 | D:11     | Noticed a centaur warrior
 13184 | D:11     | Killed a tengu warrior
 13340 | D:11     | Slain by a centaur warrior

Illustrated notes

Levels and vault maps discovered:
D:1:      dpeg_arrival_boxes_within_box, layout_loops_ring,
          dreamdust_ecumenical_altar_statues, nrook_campfire
D:2:      layout_basic, basic_altar, serial_shops,
          nicolae_shop_temple_entry_statues_fountains
D:3:      minmay_recursive_quarters, layout_loops_ring
D:4:      layout_rooms, hangedman_decor_riveting, uniq_sigmund
D:5:      layout_basic, temple_green, hangedman_decor_slide_cut, uniq_duvessa
D:6:      layout_rooms, serial_shops, shop, serial_aquarium,
          aquarium_bridge_island_small [aquarium_subvault_small_open,
          aquarium_subvault_window, aquarium_subvault_window,
          aquarium_subvault_bridge, aquarium_subvault_wall],
          aquarium_window_corridor_3, aquarium_window_1, aquarium_view_2b,
          aquarium_view_2c, aquarium_balcony_double_4, minmay_statues_item,
          nicolae_shop_gadgets
D:7:      layout_cave_pools, mainiacjoe_overflow_catwalk, nzn_ghost_randoct
D:8:      layout_rooms, fedhas_altar_fruit_tree, ebering_ghost_reflecting_pool,
          serial_shops, nicolae_shop_crystal, kennysheep_generic_room_3
D:9:      layout_stronghold, gammafunk_temple_overflow_pools, orc_0_dummy,
          minmay_ruined_shrine, uniq_maurice
D:10:     layout_irregular_city, nicolae_trove_entry_path_of_doom,
          eino_small_chamber_without_monster, uniq_snorg
D:11:     minmay_the_grid_3x3 [minmay_the_grid_dragon_a, minmay_the_grid_empty,
          minmay_the_grid_small_cups, minmay_the_grid_empty,
          minmay_the_grid_outer_circle, minmay_the_grid_tiny_cups,
          minmay_the_grid_slots, minmay_the_grid_minigrid_large,
          minmay_the_grid_prize_shrinking_boxes], layout_loops_ring,
          lair_entry_dummy, wad_rectangle_vault

Skill      XL: |  1  2  3  4  5  6  7  8  9 10 11 |
---------------+----------------------------------+-----
Stealth        | 1 2 4 6 8 10 | 10.0
Unarmed Combat | 4 5 6 7 10 14 15 | 15.0
Dodging        | 5 10 12 14 | 14.1
Fighting       | 5 6 8 10 | 10.1
Evocations     | 10 9 | 10.3

Action                   |  1- 3 |  4- 6 |  7- 9 | 10-12 || total
-------------------------+-------+-------+-------+-------++-------
Melee: Unarmed           |   100 |    87 |   363 |   455 ||  1005
       Bite              |    14 |     8 |    43 |    78 ||   143
       Punch             |       |     2 |    11 |    33 ||    46
Invok: Berserk           |     1 |     3 |    17 |    23 ||    44
       Trog's Hand       |       |       |     3 |     7 ||    10
       Brothers in Arms  |       |       |       |     1 ||     1
Evoke: Wand              |       |       |     1 |     1 ||     2
       Condenser vane    |       |       |       |     1 ||     1
  Use: Scroll            |       |       |    13 |     3 ||    16
 Stab: Sleeping          |     8 |    14 |    17 |     7 ||    46
       Distracted        |     1 |       |       |     7 ||     8
       Paralysed         |       |       |     1 |       ||     1
Armor: Skin              |     7 |     4 |     6 |    26 ||    43
Dodge: Dodged            |    69 |    47 |   290 |   508 ||   914
